 Dungeon Crawl Stone Soup version 0.20-a0-739-g6bb112f (webtiles) character file.

42 nono the Cutter (level 3, 0/23 HPs)
             Began as a Kobold Abyssal Knight on Feb 24, 2017.
             Was a Follower of Lugonu.
             Slain by an adder (3 damage)
             ... on level 2 of the Dungeon.
             The game lasted 00:03:23 (1353 turns).

nono the Cutter (Kobold Abyssal Knight)             Turns: 1353, Time: 00:03:23

Health: 0/23       AC:  3    Str: 10    XL:     3   Next: 80%
Magic:  4/4        EV: 12    Int: 13    God:    Lugonu [*.....]
Gold:   31         SH:  7    Dex: 14    Spells: 2/2 levels left

rFire    . . .     SeeInvis .   i - +1 dagger (venom)
rCold    . . .     Gourm    .   b - +0 leather armour
rNeg     . . .     Faith    .   h - +0 shield
rPois    .         Spirit   .   (no helmet)
rElec    .         Reflect  .   (no cloak)
rCorr    .         Harm     .   (no gloves)
MR       .....                  (no boots)
Stlth    +.........             (no amulet)
Regen    0.1/turn               (no ring)
MPRegen  0.1/turn               (no ring)

@: no status effects
A: carnivore 3
a: Depart the Abyss, Renounce Religion


You were on level 2 of the Dungeon.
You worshipped Lugonu.
Lugonu was aware of your devotion.
You were very full.

You visited 1 branch of the dungeon, and saw 2 of its levels.
You visited the Abyss 1 time.

You collected 31 gold pieces.

Inventory:

Hand Weapons
 a - a +1 short sword
 i - a +1 dagger of venom (weapon)
Armour
 b - a +0 leather armour (worn)
 h - a +0 shield (worn)
Scrolls
 d - a scroll of remove curse {unknown}
 e - a scroll of identify {unknown}
 f - 3 scrolls of teleportation {unknown}
Potions
 g - 2 potions of heal wounds {unknown}
 j - a potion of agility {unknown}
Comestibles
 c - a meat ration


   Skills:
 - Level 3.2 Fighting
 + Level 4.0 Short Blades
 - Level 0.7 Armour
 + Level 3.7 Dodging
 - Level 2.0 Invocations


You had 2 spell levels left.
You didn't know any spells.

Dungeon Overview and Level Annotations

Branches:
Dungeon (2/15)

Altars:


Innate Abilities, Weirdness & Mutations

You are small and have problems with some larger weapons.
You are carnivorous and can eat meat at any time.


Message History

Found a rapier.
Your shield and leather armour prevent you from hitting the adder.
You block the adder's attack.
You closely miss the adder. The adder barely misses you.
You miss the adder. The adder bites you.
You barely miss the adder. The adder bites you but does no damage.
The adder bites you.
You barely miss the adder. The adder barely misses you.
You hit the adder but do no damage.
The adder is poisoned.
The adder bites you.
You hit the adder.
The adder is moderately wounded.
The adder bites you. The adder bites you. The adder bites you.
* * * LOW HITPOINT WARNING * * *
You see here a rat corpse.
You closely miss the adder.
The adder is moderately wounded.
The adder bites you.
You die...

#......................
..........## )........#
####.###..### #.......#
.†÷...†.....###.......#
#......#..###.........#
.......#..# #.# #...######
#.##...#..# #.# #..........
.......#..###.####...?####.#
#.##............@S........
#......#.####.####....##...
#.##..........## #....# #. .
#...........# ####....
#..#####....# #### #..#
##.#.# #..# #.#.# #..# #...#
##.######.#.#######


You could see an adder.

Vanquished Creatures
  2 leopard geckos
  2 ball pythons (D:2)
  A giant cockroach (D:1)
  6 goblins
  5 hobgoblins
  4 jackals (D:1)
  5 bats
  4 frilled lizards
  4 kobolds (D:1)
  4 rats
37 creatures vanquished.

Notes
Turn   | Place    | Note
-------+----------+-------------------------------------------
     0 | Abyss:1  | nono the Kobold Abyssal Knight began the quest for the Orb.
     0 | Abyss:1  | Reached XP level 1. HP: 14/14 MP: 2/2
    39 | Abyss:1  | Noticed a hippogriff
    39 | Abyss:1  | a shapeshifter changed into a hippogriff
    41 | Abyss:1  | Noticed a small abomination
    41 | D:1      | Escaped the Abyss
    78 | D:1      | Reached skill level 3 in Short Blades
    89 | D:1      | Reached XP level 2. HP: 14/19 MP: 3/3
   124 | D:1      | Reached * piety under Lugonu
   528 | D:1      | Reached XP level 3. HP: 17/23 MP: 4/4
  1110 | D:2      | Reached skill level 4 in Short Blades
  1353 | D:2      | Slain by an adder

Vault maps used:
D:1:      tarquinn_simple_flora_water_f, serial_park_tiny_1
D:2:      uniq_terence

Skill      XL: |  1  2  3 |
---------------+----------+-----
Short Blades   | 3 4 |  4.0
Dodging        | 3 |  3.7
Fighting       | |  3.2
Armour         | |  0.7
Invocations    | |  2.0

Action                   || total
-------------------------++-------
Melee: Short sword       ||    66
       Dagger            ||    75
Invok: Depart the Abyss  ||     1
  Eat: Chunk             ||     9
Armor: Leather armour    ||    22
Dodge: Dodged            ||    80
Block: Shield            ||    36
